General information
- name: BNet
- type: Ladder team game (AT/RT)
- host: Battle.net
- saver: parastaennen.fi
map: Highperch
- players: 6
- length: 05:55
- speed: Fast
- version: 1.21 W3XP
- replay type:

» download(36 KB)
Players
team 1 (loser)
dark_pack (
yellow | 73 APM | 431 actions | 05:54)
1 Priestess of the Moon
1 Searing Arrows
» actions
| Assign group hotkey | 13 | |
| Basic commands | 30 | |
| Build / train | 22 | |
| Enter build submenu | 8 | |
| Enter hero's abilities submenu | 1 | |
| Right click | 228 | |
| Select / deselect | 107 | |
| Select group hotkey | 14 | |
| Use ability | 8 | |
431 total
» units
» buildings
| Moon Well | 2 | |
| Altar of Elders | 1 | |
| Ancient of War | 1 | |
| Ancient of Wonders | 1 | |
| Hunter's Hall | 1 | |
| Tree of Ages | 1 | |
7 total
» build order
00:04 Moon Well
00:22 Altar of Elders
00:35 Ancient of War
01:39 Moon Well
02:05 Ancient of Wonders
02:36 Hunter's Hall
04:59 Tree of Ages
Oliver.Rus (
teal | 43 APM | 247 actions | 05:45)
1 Far Seer
1 Feral Spirit
» actions
| Assign group hotkey | 6 | |
| Build / train | 14 | |
| Enter build submenu | 5 | |
| Enter hero's abilities submenu | 1 | |
| Right click | 86 | |
| Select / deselect | 68 | |
| Select group hotkey | 55 | |
| Use ability | 12 | |
247 total
» units
» buildings
| Altar of Storms | 1 | |
| Orc Burrow | 2 | |
| Barracks | 1 | |
| Voodoo Lounge | 1 | |
| Stronghold | 1 | |
6 total
» build order
00:04 Altar of Storms
00:17 Orc Burrow
00:52 Barracks
01:28 Orc Burrow
02:07 Voodoo Lounge
02:56 Stronghold
ssoocckkss (
red | 26 APM | 149 actions | 05:48)
1 Blademaster
1 Critical Strike
» actions
| Basic commands | 4 | |
| Build / train | 10 | |
| Enter build submenu | 6 | |
| Enter hero's abilities submenu | 1 | |
| Right click | 71 | |
| Select / deselect | 52 | |
| Use ability | 5 | |
149 total
» units
» buildings
| Orc Burrow | 1 | |
| Altar of Storms | 2 | |
| Barracks | 1 | |
| War Mill | 1 | |
5 total
» build order
00:05 Orc Burrow
00:08 Altar of Storms
00:11 Barracks
01:57 War Mill
04:45 Altar of Storms
team 2 (winner)
MsY]DOGANDHORSE (
purple | 104 APM | 614 actions | 05:54)
2 Pandaren Brewmaster
1 Breath of Fire
1 Drunken Haze
» actions
| Assign group hotkey | 5 | |
| Build / train | 16 | |
| Enter build submenu | 6 | |
| Enter hero's abilities submenu | 2 | |
| Right click | 440 | |
| Select / deselect | 64 | |
| Select group hotkey | 67 | |
| Use ability | 14 | |
614 total
» units
» buildings
| Ancient of War | 2 | |
| Tree of Life | 1 | |
| Moon Well | 1 | |
| Altar of Elders | 1 | |
5 total
» build order
01:05 Ancient of War
01:06 Tree of Life
01:50 Moon Well
01:55 Altar of Elders
04:12 Ancient of War
parastaennen.fi (
orange | 110 APM | 653 actions | 05:55)
2 Archmage
1 Summon Water Elemental
1 Brilliance Aura
» actions
| Assign group hotkey | 155 | |
| Build / train | 34 | |
| Enter build submenu | 12 | |
| Enter hero's abilities submenu | 2 | |
| Right click | 243 | |
| Select / deselect | 111 | |
| Select group hotkey | 50 | |
| Use ability | 46 | |
653 total
» units
» upgrades
» buildings
| Altar of Kings | 1 | |
| Farm | 3 | |
| Lumber Mill | 1 | |
| Scout Tower | 7 | |
| Arcane Tower | 2 | |
| Guard Tower | 4 | |
18 total
» build order
00:04 Altar of Kings
00:18 Farm
01:11 Farm
01:55 Lumber Mill
02:09 Farm
03:18 Scout Tower
03:34 Scout Tower
03:56 Arcane Tower
03:57 Scout Tower
04:05 Scout Tower
04:24 Guard Tower
04:26 Scout Tower
04:48 Scout Tower
04:51 Arcane Tower
04:53 Scout Tower
04:59 Guard Tower
05:25 Guard Tower
05:40 Guard Tower
WHATBATSDOIHAVE (
pink | 53 APM | 311 actions | 05:54)
2 Archmage
1 Summon Water Elemental
1 Brilliance Aura
» actions
| Assign group hotkey | 12 | |
| Basic commands | 17 | |
| Build / train | 35 | |
| Enter build submenu | 11 | |
| Enter hero's abilities submenu | 2 | |
| Remove unit from queue | 6 | |
| Right click | 99 | |
| Select / deselect | 92 | |
| Select group hotkey | 15 | |
| Use ability | 22 | |
311 total
» units
» buildings
| Altar of Kings | 1 | |
| Farm | 3 | |
| Lumber Mill | 1 | |
| Scout Tower | 4 | |
| Arcane Tower | 4 | |
| Arcane Vault | 1 | |
14 total
» build order
00:02 Altar of Kings
00:06 Farm
00:07 Farm
02:03 Lumber Mill
03:22 Scout Tower
03:23 Scout Tower
03:47 Scout Tower
04:08 Arcane Tower
04:09 Scout Tower
04:42 Arcane Vault
04:49 Arcane Tower
04:49 Arcane Tower
04:49 Arcane Tower
05:36 Farm
Chat log
(03:52 / All) Oliver.Rus: nice guys))))))
(04:10 / All) parastaennen.fi: we call this the blitzkrieg
(04:11 / All) parastaennen.fi: maybe u remember
(04:21 / All) Oliver.Rus: )))))